 Dungeon Crawl Stone Soup version 0.28-a0-662-g1651b1f1e0 (webtiles) character file.

Game seed: 1796008311918125428

679 ytrimaz the Chopper (level 7, -2/55 HPs)
             Began as a Formicid Fighter on Oct 15, 2021.
             Slain by a hornet zombie (7 damage)
             ... on level 5 of the Dungeon.
             The game lasted 00:04:54 (3674 turns).

ytrimaz the Chopper (Formicid Fighter)              Turns: 3674, Time: 00:04:55

Health: -2/55      AC:  8    Str: 22    XL:     7   Next: 92%
Magic:  7/7        EV:  9    Int:  8    God:
Gold:   228        SH:  9    Dex: 10    Spells: 6/6 levels left

rFire   . . .      SeeInvis +   a - +0 war axe (flame)
rCold   . . .      Faith    .   c - +0 buckler
rNeg    . . .      Spirit   .   b - +1 scale mail
rPois   .          Reflect  +   (helmet unavailable)
rElec   .          Harm     .   (no cloak)
rCorr   .          Rampage  .   (no gloves)
Will    .....                   (no boots)
Stlth   ..........              j - amulet of reflection
HPRegen 0.18/turn               (no ring)
MPRegen 0.10/turn               (no ring)

@: no status effects
A: permanent stasis, dig shafts and tunnels, antennae 3, four strong arms
a: Dig, Shaft Self


You were on level 5 of the Dungeon.
You visited 1 branch of the dungeon, and saw 5 of its levels.

You collected 228 gold pieces.

Inventory:

Hand Weapons
 a - a +0 war axe of flaming (weapon)
Armour
 b - a +1 scale mail (worn)
 c - a +0 buckler (worn)
Jewellery
 j - an amulet of reflection (around neck)
Scrolls
 e - a scroll of teleportation {unknown}
 l - a scroll of vulnerability {unknown}
 m - a scroll of enchant weapon {unknown}
 n - a scroll of identify
Potions
 d - a potion of might
 f - 3 potions of curing
 g - a potion of resistance {unknown}
 h - a potion of heal wounds
 i - 2 potions of haste {unknown}
 k - a potion of attraction {unknown}


   Skills:
 + Level 4.8 Fighting
 + Level 6.3 Axes
 + Level 5.5 Armour
 - Level 3.9 Shields


You had 6 spell levels left.
You didn't know any spells.
Your spell library contained the following spells:

 Spells                   Type           Power      Damage    Failure   Level
 Sublimation of Blood     Necr           0%         N/A       85%         2
 Olgreb's Toxic Radiance  Pois           0%         N/A       100%        4
 Petrify                  Tmut/Erth      0%         N/A       100%        4
 Irradiate                Conj/Tmut      0%         3d13      100%        5
 Ozocubu's Refrigeration  Ice            0%         4d5       100%        7
 Ignition                 Fire           0%         3d3       100%        8
 Chain Lightning          Conj/Air       0%         N/A       100%        9
 Fire Storm               Conj/Fire      0%         5d1       100%        9
 Shatter                  Erth           0%         3d5*      100%        9


Dungeon Overview and Level Annotations

Branches:
Dungeon (5/15)
 Temple: D:4-7

Altars:
Elyvilon
Nemelex Xobeh

Shops:
D:1 :


Innate Abilities, Weirdness & Mutations

You cannot be hasted, slowed, berserked, paralysed or teleported.
You can dig through walls and to a lower floor.
You have a pair of large antennae on your head. (SInv)
Your four strong arms can wield two-handed weapons with a shield.


Message History

The hornet zombie is moderately damaged.
You block the hornet zombie's attack. The hornet zombie misses you.
Unknown command.
You hit the hornet zombie. You burn the hornet zombie.
The hornet zombie is heavily damaged.
The hornet zombie barely misses you.
You hit the hornet zombie. You burn the hornet zombie.
The hornet zombie is heavily damaged.
You block the hornet zombie's attack.
The hornet zombie hits you but does no damage.
Unknown command.
You hit the hornet zombie but do no damage.
The hornet zombie is heavily damaged.
The hornet zombie closely misses you.
Unknown command.
You barely miss the hornet zombie.
The hornet zombie is heavily damaged.
The hornet zombie barely misses you. You block the hornet zombie's attack.
You closely miss the hornet zombie.
The hornet zombie is heavily damaged.
You block the hornet zombie's attack. The hornet zombie hits you.
Unknown command.
You barely miss the hornet zombie.
The hornet zombie is heavily damaged.
The hornet zombie hits you!
* * * LOW HITPOINT WARNING * * *
You hit the hornet zombie. You burn the hornet zombie.
The hornet zombie is severely damaged.
The hornet zombie hits you!
* * * LOW HITPOINT WARNING * * *
You block the hornet zombie's attack.
Unknown command.
You barely miss the hornet zombie.
The hornet zombie is severely damaged.
You block the hornet zombie's attack.
Unknown command.
You slash the hornet zombie! You burn the hornet zombie.
The hornet zombie is almost destroyed.
The hornet zombie hits you!
You die...

#.......#
#.......#.......
#.......#.......#
#.......#........
#.......+........
###'#####........
#.......#........
#.......#........
#......@ZZ.......
#.......#........
#.......#........
#.......+......?.
#########...≈....
#........
#......).
#........
#$.......


You could see a hound zombie and a hornet zombie.

Vanquished Creatures
  A necrophage (D:5)
  A sky beast (D:5)
  An ogre (D:5)
  Blork the orc (D:4)
  A scorpion (D:5)
  A water moccasin skeleton (D:4)
  A hound (D:5)
  A centaur skeleton (D:5)
  An orc wizard (D:3)
  A hound skeleton (D:4)
  2 adders
  4 gnolls (D:4)
  An adder skeleton (D:2)
  2 worms
  3 orcs
  7 bats
  8 endoplasms
  2 giant cockroaches
  8 goblins
  13 hobgoblins
  3 jackals (D:1)
  2 kobolds
  3 quokkas
  4 ball pythons
  2 frilled lizards
  2 rats
76 creatures vanquished.

Vanquished Creatures (others)
  7 plants (D:2)
7 creatures vanquished.

Grand Total: 83 creatures vanquished

Notes
Turn   | Place    | Note
-------+----------+-------------------------------------------
     0 | D:1      | ytrimaz the Formicid Fighter began the quest for the Orb.
     0 | D:1      | Reached XP level 1. HP: 18/18 MP: 1/1
     3 | D:1      | Noticed an electric eel
     4 | D:1      | Noticed an electric eel
    97 | D:1      | Reached XP level 2. HP: 24/24 MP: 2/2
   134 | D:1      | Found Iclexkyr's Book Boutique.
   973 | D:2      | Reached XP level 3. HP: 25/29 MP: 3/3
  1927 | D:2      | Found a faded altar of an unknown god.
  1930 | D:2      | Reached XP level 4. HP: 34/35 MP: 4/4
  2207 | D:3      | Reached skill level 3 in Axes
  2313 | D:3      | Reached XP level 5. HP: 30/42 MP: 5/5
  2993 | D:4      | Found a sparkling altar of Nemelex Xobeh.
  3065 | D:4      | Reached skill level 4 in Axes
  3171 | D:4      | Noticed Blork the orc
  3181 | D:4      | Killed Blork the orc
  3182 | D:4      | Reached XP level 6. HP: 30/48 MP: 6/6
  3305 | D:4      | Found a white marble altar of Elyvilon.
  3376 | D:4      | Reached skill level 5 in Armour
  3593 | D:5      | Entered Level 5 of the Dungeon
  3619 | D:5      | Noticed a sky beast
  3620 | D:5      | Noticed a necrophage
  3634 | D:5      | Killed a sky beast
  3635 | D:5      | Reached skill level 5 in Axes
  3635 | D:5      | Reached XP level 7. HP: 34/55 MP: 7/7
  3661 | D:5      | Reached skill level 6 in Axes
  3674 | D:5      | Slain by a hornet zombie

Illustrated notes

Levels and vault maps discovered:
D:1:      arrival_aquarium_b, layout_basic, serial_shops,
          nicolae_shop_waterfront, ebering_dispersal_statue_hall, hex_medium
D:2:      layout_basic, dilly_ecumenical_altar_fadedgnrine,
          amcnicky_mini_rare_corridor_liquid
D:3:      layout_basic, chequers_serial_rivers_marsh
D:4:      layout_cave_pools, elyvilon_altar_3, nemelex_dance_club_becter,
          minmay_a_box_with_orc_wizards_in_it, uniq_blork_the_orc
D:5:      layout_gridville, minmay_bent

Skill      XL: |  1  2  3  4  5  6  7 |
---------------+----------------------+-----
Armour         | 4 5 |  5.5
Axes           | 3 4 5 6 |  6.3
Fighting       | 4 |  4.8
Shields        | |  3.9

Action                   |  1- 3 |  4- 6 |  7- 9 || total
-------------------------+-------+-------+-------++-------
Melee: War axe           |   126 |   100 |    40 ||   266
 Abil: Dig               |       |     2 |       ||     2
  Use: Scroll            |     2 |     4 |       ||     6
Armor: Scale mail        |    71 |    35 |    11 ||   117
Dodge: Dodged            |    82 |    48 |    13 ||   143
Block: Buckler           |    39 |    48 |    22 ||   109

Table legend: (Time is in decaauts)
 A = Elapsed time spent in this place.
 B = Non-inter-level travel time spent in this place.
 C = Inter-level travel time spent in this place.
 D = Time resting spent in this place.
 E = Time spent auto-exploring this place.
 F = Levels seen in this place.
 G = Mean time per level.
                   A        B        C        D        E       F      G
               +--------+--------+--------+--------+--------+-----+--------+
         Total |   3764 |   3682 |     82 |    190 |   2634 |   5 |  752.8 |
       Dungeon |   3764 |   3682 |     82 |    190 |   2634 |   5 |  752.8 |
               +--------+--------+--------+--------+--------+-----+--------+

Top non-repeatable levels by time:
     D:2: 1193 daAuts
     D:1: 989 daAuts
     D:4: 782 daAuts
     D:3: 707 daAuts
     D:5: 91 daAuts
